 Dungeon Crawl Stone Soup version 0.28-a0-425-gd0eccab798 (webtiles) character file.

Game seed: 729749065968090683

4330 Devinter the Conjurer (level 9, -2/111 HPs)
             Began as a Demigod Conjurer on May 17, 2021.
             Slain by a vampire (9 damage)
             ... on level 10 of the Dungeon on Sept 9, 2021.
             The game lasted 01:22:08 (9647 turns).

Devinter the Conjurer (Demigod Conjurer)            Turns: 9647, Time: 01:22:08

Health: -2/111     AC: 24    Str: 18    XL:     9   Next: 88%
Magic:  20/20      EV:  2    Int: 24    God:
Gold:   402        SH:  5    Dex: 16    Spells: 6/18 levels left

rFire   . . .      SeeInvis .   k - +3 whip (vamp)
rCold   . . .      Faith    .   w - +0 buckler
rNeg    + + +      Spirit   .   (armour currently unavailable)
rPois   +          Reflect  .   (helmet currently unavailable)
rElec   .          Harm     .   (cloak currently unavailable)
rCorr   .          Rampage  .   (gloves currently unavailable)
Will    .....      NoTele   +   (boots currently unavailable)
Stlth   ++........              j - amulet of magic regeneration
HPRegen 0.28/turn               f - +6 ring of strength
MPRegen 0.42/turn               R - ring of wizardry

@: tree-form (expiring)
A: stationary, stasis, torment immunity, boosted hp, high mp 1, forlorn
a: no special abilities


You were on level 10 of the Dungeon.
You were a tree.
You visited 2 branches of the dungeon, and saw 11 of its levels.
You also visited: Ossuary.

You collected 472 gold pieces.
You spent 70 gold pieces at shops.

Inventory:

Hand Weapons
 d - a +0 hand crossbow
 k - a +3 vampiric whip (weapon)
 V - a +2 short sword of flaming
Missiles
 a - 4 poisoned darts
 m - 224 arrows
 o - 14 datura-tipped darts (quivered)
 v - 22 boomerangs
 E - 99 bolts
Armour
 s - a +0 tower shield
 w - a +0 buckler (worn)
 G - a +1 pair of gloves (melded)
 H - a scarf of harm
 J - a +0 cloak (melded)
 W - +0 steam dragon scales (melded)
 Y - a +0 helmet (melded)
 Z - a +0 chain mail of poison resistance
Magical Staves
 l - a staff of death
Jewellery
 e - a ring of wizardry
 f - a +6 ring of strength (left branch)
 j - an amulet of magic regeneration (around neck)
 F - an amulet of regeneration
 I - a ring of willpower
 O - an amulet of the acrobat
 R - a ring of wizardry (right branch)
 X - a ring of magical power
Wands
 q - a wand of charming (8)
 z - a wand of iceblast (15)
 Q - a wand of mindburst (8)
 S - a wand of flame (14)
 U - a wand of digging (5)
Scrolls
 c - 8 scrolls of identify
 h - a scroll of torment {unknown}
 i - 4 scrolls of blinking {unknown}
 n - 2 scrolls of fog {unknown}
 r - 9 scrolls of teleportation
 u - a scroll of fear {unknown}
 y - a scroll of immolation {unknown}
 C - 6 scrolls of noise {unknown}
 K - 2 scrolls of enchant weapon {unknown}
 L - 2 scrolls of magic mapping {unknown}
 P - a scroll of enchant armour {unknown}
 T - a scroll of holy word {unknown}
Potions
 b - 3 potions of lignification
 g - a potion of brilliance {unknown}
 p - a potion of invisibility {unknown}
 t - 3 potions of berserk rage
 x - 3 potions of mutation
 A - 2 potions of ambrosia
 D - 2 potions of heal wounds {unknown}
 M - a potion of might {unknown}
 N - 2 potions of magic


   Skills:
 - Level 5.0 Fighting
 - Level 5.0 Maces & Flails
 + Level 4.2 Armour
 - Level 5.0 Dodging
 - Level 2.0 Stealth
 - Level 5.0 Shields
 - Level 5.0 Spellcasting
 - Level 5.0 Conjurations
 - Level 3.0 Hexes
 - Level 3.0 Translocations


You had 6 spell levels left.
You knew the following spells:

 Your Spells              Type           Power      Damage    Failure   Level
a - Magic Dart            Conj           100%       1d8       1%          1
b - Searing Ray           Conj           60%        2d6       1%          2
c - Dazzling Flash        Conj/Hex       50%        N/A       1%          3
d - Iskenderun's Mystic   Conj/Tloc      25%        2d7       7%          4
e - Ensorcelled Hibernat  Hex/Ice        26%        N/A       2%          2

Your spell library contained the following spells:

 Spells                   Type           Power      Damage    Failure   Level
 Corona                   Hex            20%        N/A       1%          1
 Confusing Touch          Hex            20%        N/A       3%          3
 Tukima's Dance           Hex            20%        N/A       3%          3
 Fulminant Prism          Conj/Hex       12%        3d9       7%          4


Dungeon Overview and Level Annotations

Branches:
Dungeon (10/15)            Temple (1/1) D:4         Ossuary (visited)
   Lair: D:8-11         Orc: D:9-12

Shops:
D:3 ?

Annotations:
Temple Trapped treasure room


Innate Abilities, Weirdness & Mutations

You are a tree.
Your roots penetrate the ground, keeping you stationary.
You cannot be teleported.
You are immune to unholy pain and torment.
Your maximum health is greatly increased.
Your equipment is partially melded.
Your attributes grow dramatically as you level up.
You have an increased reservoir of magic. (+10% MP)
You shall have no god before yourself.


Message History

Aim: a vampire (almost destroyed, chance to affect: 48%)
The vampire resists with some effort.
The vampire hits you but does no damage.
The vampire bites you!
* * * LOW HITPOINT WARNING * * *
Aiming: Mindburst
Press: ? - help, Shift-Dir - straight line, f/p - vampire
Aim: a vampire (almost destroyed, chance to affect: 48%)
The vampire resists with some effort.
The vampire hits you but does no damage.
The vampire bites you but does no damage.
Aiming: Mindburst
Press: ? - help, Shift-Dir - straight line, f/p - vampire
Aim: a vampire (almost destroyed, chance to affect: 48%)
The vampire resists with some effort.
The vampire gestures wildly while chanting.
The vampire flickers and vanishes!
Deactivating autopickup; reactivate with Ctrl-A.
You cannot move.
You cannot move.
You hit something but do no damage. Something hits you but does no damage.
Something bites you.
* * * LOW HITPOINT WARNING * * *
You hit something but do no damage.
Your transformation is almost over.
Something hits you.
* * * LOW HITPOINT WARNING * * *
Something bites you but does no damage.
You miss something.
You are unaffected.
You closely miss something.
You hear some strange, mumbled words.
You are confused.
You feel better. Something hits you.
* * * LOW HITPOINT WARNING * * *
Something bites you.
* * * LOW HITPOINT WARNING * * *
You hit something but do no damage. Something hits you.
* * * LOW HITPOINT WARNING * * *
Something bites you!
You die...

...... ........#.#...####
#+#...... .##+#####.#...#
......... #........#...#
......... #.......##...#
......... #.......+....#
...# #.......#....# ...#
#.#.......'....+ .).#
#.#...{.###)...# ..##
#.#....♣#......#### <.#
#.#######.......... ..#
#.................. ..#
#..................
..########..................
................[...........
.......####.................
.......# #.................
.......# #.................


There were no monsters in sight!

Vanquished Creatures
  Maggie (D:9)
  A shadow (D:9)
  A wraith (D:9)
  A steam dragon (D:8)
  A water moccasin (D:8)
  2 ice beasts
  2 orc warriors
  2 sky beasts
  A necrophage (D:4)
  2 ogres (D:5)
  3 centaurs
  A kobold brigand (D:9)
  A bullfrog (D:6)
  A wyvern zombie (D:8)
  2 scorpions
  A water moccasin zombie (D:5)
  15 killer bees
  2 howler monkeys (D:9)
  3 wights (D:8)
  3 bullfrog zombies
  A centaur zombie (Ossuary)
  A hound (D:4)
  10 orc priests
  4 jellies
  3 human zombies (Ossuary)
  A bullfrog skeleton (D:4)
  3 iguanas
  4 orc wizards
  5 mummies
  11 adders
  6 gnolls
  A howler monkey skeleton (D:6)
  A shadow imp (D:5)
  4 white imps
  An ufetubus (D:7)
  An adder skeleton (D:4)
  2 worms
  A dart slug (D:4)
  18 orcs
  10 ball pythons
  6 endoplasms
  2 giant cockroaches (D:1)
  10 goblins
  4 hobgoblins
  13 jackals
  4 quokkas
  6 bats
  2 frilled lizards (D:1)
  A goblin zombie (Ossuary)
  3 hobgoblin zombies (Ossuary)
  16 kobolds
  5 rats (D:1)
206 creatures vanquished.

Vanquished Creatures (others)
  An iguana (D:4)
  An orc wizard (D:4)
  3 orcs
  A goblin (D:4)
  A hobgoblin (D:4)
  9 plants (D:4)
16 creatures vanquished.

Grand Total: 222 creatures vanquished

Notes
Turn   | Place    | Note
-------+----------+-------------------------------------------
     0 | D:1      | Devinter the Demigod Conjurer began the quest for the Orb.
     0 | D:1      | Reached XP level 1. HP: 14/14 MP: 5/5
   138 | D:1      | Reached skill level 2 in Stealth
   200 | D:1      | Reached skill level 2 in Dodging
   200 | D:1      | Reached skill level 2 in Spellcasting
   373 | D:1      | Reached XP level 2. HP: 20/20 MP: 4/7
   512 | D:1      | Learned a level 2 spell: Searing Ray
   832 | D:1      | Reached skill level 4 in Conjurations
   918 | D:1      | Reached XP level 3. HP: 26/26 MP: 3/9
  1645 | D:2      | Reached XP level 4. HP: 33/33 MP: 6/11
  1650 | D:2      | Reached skill level 3 in Spellcasting
  1990 | D:3      | Noticed a water elemental
  1993 | D:3      | Noticed an earth elemental
  1993 | D:3      | Noticed a fire elemental
  1993 | D:3      | Noticed an air elemental
  2361 | D:3      | Found Myahum's Magic Scroll Boutique.
  2371 | D:3      | Bought a scroll of identify for 28 gold pieces
  2537 | D:3      | Reached skill level 5 in Conjurations
  2541 | D:3      | Learned a level 3 spell: Dazzling Flash
  2810 | D:3      | Bought a scroll of teleportation for 42 gold pieces
  2825 | D:4      | Reached skill level 1 in Maces & Flails
  2825 | D:4      | Reached XP level 5. HP: 32/38 MP: 7/12
  2974 | D:4      | Found a sand-covered staircase.
  2979 | Ossuary  | Entered an ossuary
  3113 | Ossuary  | Reached skill level 2 in Maces & Flails
  3133 | Ossuary  | Reached skill level 1 in Shields
  3158 | Ossuary  | Reached XP level 6. HP: 9/45 MP: 6/14
  3567 | D:4      | Reached skill level 2 in Shields
  3567 | D:4      | Reached skill level 4 in Spellcasting
  3635 | D:4      | Found a staircase to the Ecumenical Temple.
  3653 | Temple   | Entered the Ecumenical Temple
  3873 | D:4      | Reached skill level 3 in Shields
  3873 | D:4      | Reached XP level 7. HP: 50/50 MP: 11/17
  4282 | D:5      | Entered Level 5 of the Dungeon
  4323 | D:5      | Reached skill level 5 in Spellcasting
  4334 | D:5      | Reached skill level 4 in Shields
  4409 | D:5      | Reached skill level 5 in Shields
  4527 | D:5      | Reached skill level 3 in Dodging
  4572 | D:5      | Reached XP level 8. HP: 56/57 MP: 12/19
  4784 | D:6      | Upgraded the game from 0.27-a0-1180-g7fc4abc71e to
                  | 0.27-a0-1182-gee19b5822f
  4826 | D:6      | Reached skill level 4 in Dodging
  4947 | D:6      | Learned a level 4 spell: Iskenderun's Mystic Blast
  5068 | D:6      | Learned a level 2 spell: Ensorcelled Hibernation
  5205 | D:6      | Reached skill level 1 in Translocations
  5254 | D:6      | Upgraded the game from 0.27-a0-1182-gee19b5822f to
                  | 0.28-a0-425-gd0eccab798
  5356 | D:6      | Reached skill level 5 in Dodging
  5549 | D:7      | Reached skill level 2 in Translocations
  5644 | D:7      | Reached skill level 3 in Translocations
  5779 | D:7      | Reached skill level 1 in Fighting
  5917 | D:7      | Reached skill level 2 in Fighting
  6646 | D:8      | Reached skill level 3 in Fighting
  6922 | D:8      | Reached skill level 4 in Fighting
  6950 | D:8      | Reached XP level 9. HP: 40/72 MP: 10/20
  7226 | D:8      | Reached skill level 5 in Fighting
  7395 | D:8      | Reached skill level 1 in Armour
  7792 | D:8      | Reached skill level 1 in Hexes
  7810 | D:8      | Reached skill level 2 in Armour
  7810 | D:8      | Reached skill level 2 in Hexes
  8259 | D:9      | Reached skill level 3 in Hexes
  8707 | D:9      | Reached skill level 3 in Maces & Flails
  8788 | D:9      | Reached skill level 4 in Maces & Flails
  8809 | D:9      | You fall into a shaft and drop 1 floor!
  8809 | D:10     | Entered Level 10 of the Dungeon
  8857 | D:9      | Reached skill level 5 in Maces & Flails
  9068 | D:9      | Noticed Maggie
  9093 | D:9      | Killed Maggie
  9094 | D:9      | Reached skill level 3 in Armour
  9201 | D:9      | Reached skill level 4 in Armour
  9619 | D:10     | HP: 11/111 [something (8)]
  9631 | D:10     | HP: 11/111 [something (3)]
  9631 | D:10     | HP: 5/111 [something (6)]
  9642 | D:10     | HP: 10/111 [something (3)]
  9647 | D:10     | HP: 7/111 [something (5)]
  9647 | D:10     | Slain by a vampire

Illustrated notes

Levels and vault maps discovered:
D:1:      kilobyte_arrival_exit_the_forest, layout_basic, serial_rivers,
          chequers_serial_rivers_micro_e, chequers_serial_rivers_large_b,
          chequers_serial_rivers_small_a, chequers_serial_rivers_marsh,
          chequers_serial_rivers_micro_c, minmay_cut_off
D:2:      layout_basic, basic_altar, chequers_ecumenical_altar_simple
D:3:      layout_loops_corners, nicolae_overflow_crystal_walls,
          nicolae_qazlal_style_of_elements, slow_altar_2, serial_shops,
          nicolae_shop_trees, kennysheep_decorative_pillar
D:4:      layout_basic, xom_confusion_cloud, minmay_temple_entry_junction_2,
          nicolae_ossuary_entry_plus, serial_bayou_lagoon_b
D:5:      lemuel_ice_spiral_2, layout_basic
D:6:      layout_loops_corners, kennysheep_mini_moat, lemuel_doored_altar
D:7:      layout_loops_corners, serial_aquarium, aquarium_bridge_long_separate
          [aquarium_subvault_bridge, aquarium_subvault_wall,
          aquarium_subvault_window, aquarium_subvault_window,
          aquarium_subvault_bridge, aquarium_subvault_window],
          aquarium_window_fake, aquarium_window_1, aquarium_window_fake,
          aquarium_window_1, aquarium_view_2c, aquarium_view_2e
D:8:      layout_rooms
D:9:      layout_gridville, kennysheep_generic_room_2, uniq_maggie
D:10:     layout_irregular_city, lair_entry_dummy, minmay_orc_entry_guard_dogs,
          uniq_urug, uniq_fannar
Temple:   compressed_dpeg_circular_temple

Skill      XL: |  1  2  3  4  5  6  7  8  9 |
---------------+----------------------------+-----
Stealth        | 2 |  2.0
Dodging        | 2 3 5 |  5.0
Spellcasting   | 2 3 4 5 |  5.0
Conjurations   | 4 5 |  5.0
Maces & Flails | 1 2 5 |  5.0
Shields        | 1 3 5 |  5.0
Translocations | 3 |  3.0
Fighting       | 4 5 |  5.0
Armour         | 4 |  4.2
Hexes          | 3 |  3.0

Action                   |  1- 3 |  4- 6 |  7- 9 || total
-------------------------+-------+-------+-------++-------
Melee: Dagger            |     1 |       |       ||     1
       Unarmed           |     1 |       |       ||     1
       Short sword       |    32 |       |     1 ||    33
       Whip              |     5 |     3 |    81 ||    89
Throw: Boomerang         |       |       |     5 ||     5
       Dart              |       |       |     3 ||     3
 Cast: Magic Dart        |    75 |    77 |    80 ||   232
       Searing Ray       |     2 |    27 |    77 ||   106
       Iskenderun's Myst |       |       |    11 ||    11
       Dazzling Flash    |       |       |     7 ||     7
       Ensorcelled Hiber |       |       |     2 ||     2
Evoke: Wand              |       |       |    10 ||    10
  Use: Scroll            |       |       |     7 ||     7
       Potion            |       |       |     5 ||     5
 Stab: Sleeping          |     1 |       |     1 ||     2
       Distracted        |       |       |     1 ||     1
Armor: Robe              |     9 |     9 |    16 ||    34
       Steam dragon scal |       |       |    43 ||    43
       Skin              |       |       |    29 ||    29
Dodge: Dodged            |    29 |    21 |   125 ||   175
Block: Buckler           |       |     2 |    51 ||    53

Table legend: (Time is in decaauts)
 A = Elapsed time spent in this place.
 B = Non-inter-level travel time spent in this place.
 C = Inter-level travel time spent in this place.
 D = Time resting spent in this place.
 E = Time spent auto-exploring this place.
 F = Levels seen in this place.
 G = Mean time per level.
                   A        B        C        D        E       F      G
               +--------+--------+--------+--------+--------+-----+--------+
         Total |   9704 |   9371 |    333 |   2124 |   2091 |  12 |  808.7 |
       Dungeon |   9130 |   8797 |    333 |   1802 |   2091 |  10 |  913.0 |
        Temple |     13 |     13 |      0 |      0 |      0 |   1 |   13.0 |
       Ossuary |    559 |    559 |      0 |    322 |      0 |   1 |  559.0 |
               +--------+--------+--------+--------+--------+-----+--------+

Top non-repeatable levels by time:
     D:7: 1589 daAuts
     D:1: 1432 daAuts
     D:8: 1264 daAuts
     D:9: 1132 daAuts
     D:4: 913 daAuts
     D:3: 842 daAuts
     D:6: 801 daAuts
     D:2: 576 daAuts
 Ossuary: 559 daAuts
     D:5: 450 daAuts
    D:10: 127 daAuts
  Temple: 13 daAuts
